 Dungeon Crawl Stone Soup version 0.22.0-27-ga576289 (webtiles) character file.

244 Monsterracer the Skirmisher (level 6, 0/39 HPs)
             Began as a Kobold Wanderer on Aug 22, 2018.
             Slain by a crocodile (10 damage)
             ... in a sewer.
             The game lasted 00:07:40 (3340 turns).

Monsterracer the Skirmisher (Kobold Wanderer)       Turns: 3340, Time: 00:07:40

Health: 0/39       AC:  5    Str: 12    XL:     6   Next: 32%
Magic:  6/6        EV: 12    Int: 12    God:
Gold:   162        SH:  0    Dex: 15    Spells: 5/5 levels left

rFire    . . .     SeeInvis .   a - +0 hand crossbow
rCold    . . .     Gourm    .   (shield restricted)
rNeg     . . .     Faith    .   q - +0 ring mail
rPois    +         Spirit   .   (no helmet)
rElec    .         Reflect  .   (no cloak)
rCorr    .         Harm     .   (no gloves)
MR       .....                  (no boots)
Stlth    +++.......             (no amulet)
HPRegen  0.13/turn              n - ring of poison resistance {!d}
MPRegen  0.10/turn              t - ring of stealth

@: no status effects
A: small, carnivore
a: no special abilities


You were in a sewer.
You were completely stuffed.

You visited 1 branch of the dungeon, and saw 4 of its levels.
You also visited: Sewer.

You collected 162 gold pieces.

Inventory:

Hand Weapons
 a - a +0 hand crossbow (weapon)
 b - a +0 short sword
Missiles
 d - 57 bolts (quivered)
Armour
 q - a +0 ring mail (worn)
Jewellery
 n - a ring of poison resistance (left hand) {!d}
 t - a ring of stealth (right hand)
Scrolls
 e - 3 scrolls of teleportation {!r}
 f - a scroll of fear {unknown}
 h - 6 scrolls of remove curse {unknown}
 j - a scroll of magic mapping {unknown}
 l - a scroll of enchant weapon {unknown}
 m - 5 scrolls of identify {unknown}
 o - 3 scrolls of blinking {unknown}
Potions
 g - a potion of berserk rage {!q}
 i - a potion of heal wounds {unknown}
 k - 2 potions of curing {unknown}
 p - 2 potions of agility {unknown}
 r - a potion of lignification {unknown}
 s - a potion of degeneration {unknown}
 v - a potion of flight {unknown}
Comestibles
 c - 3 rations
 u - 2 chunks of flesh


   Skills:
 + Level 4.5 Fighting
 * Level 4.5 Short Blades
 * Level 4.3 Crossbows
 - Level 1.5 Armour
 + Level 3.3 Stealth
 - Level 2.0 Unarmed Combat
   Level 1.2 Evocations


You had 5 spell levels left.
You didn't know any spells.
Your spell library was empty.

Dungeon Overview and Level Annotations

Branches:
Dungeon (4/15)
 Temple: D:4-7

Altars:
Makhleb


Innate Abilities, Weirdness & Mutations

You are small and have problems with some larger weapons.
You are carnivorous and can eat meat at any time.


Message History

You hit the shadow imp.
You kill the shadow imp!
You enter the shallow water.
Moving in this stuff is going to be slow.
You start resting.
You hear the slow rusting of a drain nearby.
You regained 3 hp, and now have 33/39 hp.
A rat comes into view.
The helpless rat fails to defend itself.
You impale the rat!!
You kill the rat!
Found a glowing drain.
You see here a rat corpse.
You see here a rat corpse.
You butcher the rat corpse.
You hear a splash.
u - 2 chunks of flesh (gained 1)
You see here a rat skeleton.
There is a glowing drain here.
The world spins around you as you enter the gateway.
You enter a sewer!
Found a gate leading back out of this place.
There is an empty arch of ancient stone here.
HP restored.
You open the door.
A kobold comes into view. It is wielding a short sword.
Found a coppery potion.
Health restored: 39 A kobold is nearby!
There is an open door here.
The helpless kobold fails to defend itself.
You puncture the kobold!
You kill the kobold!
No target in view!
Things that are here:
a short sword; a kobold corpse No target in view!
v - a coppery potion
Things that are here:
a short sword; a kobold corpse
There is an open door here.
You open the door.
A kobold comes into view. It is wielding a short sword.
There is an open door here.
The helpless kobold fails to defend itself.
You impale the kobold!!
You kill the kobold!
No target in view!
You open the door.
There is an open door here.
You now have 162 gold pieces (gained 20).
Key pressed, stopping explore.
No target in view!
No target in view!
There is an open door here.
You open the door.
There is an open door here.
You open the door.
There is an open door here.
You open the door.
A crocodile comes into view.
Found 19 poisoned needles.
There is an open door here.
A crocodile is nearby!
The helpless crocodile fails to defend itself.
You impale the crocodile!!
The crocodile is almost dead.
The crocodile barely misses you.
You hit the crocodile but do no damage.
The crocodile is almost dead.
The crocodile barely misses you.
You hit the crocodile but do no damage.
The crocodile is almost dead.
The crocodile bites you!
You take 14 damage, and have 25/39 hp.
MASSIVE DAMAGE!!
You are too injured to fight recklessly!
You are too injured to fight recklessly!
You are too injured to fight recklessly!
You closely miss the crocodile.
The crocodile is almost dead.
You closely miss the crocodile.
The crocodile is almost dead.
The crocodile barely misses you.
Char dumped successfully.
Firing (i - inventory) No suitable missiles.
Press: ? - help, Shift-Dir - straight line 19 poisoned needles.
Okay, then.
Unknown command.
a - a +0 hand crossbow (weapon)
The crocodile bites you!
* * * LOW HITPOINT WARNING * * *
You take 15 damage, and have 10/39 hp.
MASSIVE DAMAGE!!
Firing (i - inventory)
d - 58 bolts (quivered)
Press: ? - help, Shift-Dir - straight line, f - crocodile
Aim: a crocodile (almost dead)
You shoot a bolt. The bolt hits the crocodile.
The crocodile is almost dead.
The crocodile bites you!
You die...

#≈≈≈ #≈≈≈
#≈≈≈ #######
+.≈≈≈.+
#.≈≈≈.#
#.≈≈≈.####
+.≈≈≈.@t(#
#.≈≈≈.####
#.≈≈≈.####
+.≈≈≈.'..#
#.≈≈≈.####
####.≈≈≈.####
#∩....∩..').#
####.≈≈≈.####
#.≈≈≈.####


You could see a crocodile.

Vanquished Creatures
  Purgy (D:3)
  A hound (D:3)
  2 adders
  A river rat (D:4)
  A shadow imp (D:4)
  An ooze (D:2)
  4 worms
  A dart slug (D:1)
  A leopard gecko (D:2)
  5 orcs (D:3)
  A giant cockroach (D:3)
  8 goblins
  7 hobgoblins
  8 jackals
  5 kobolds
  2 quokkas (D:3)
  10 bats
  3 frilled lizards
  9 rats
71 creatures vanquished.

Notes
Turn   | Place    | Note
-------+----------+-------------------------------------------
     0 | D:1      | Monsterracer the Kobold Wanderer began the quest for the Orb.
     0 | D:1      | Monsterracer set off with: a +2 dagger, a potion of berserk rage {!q}, a ration, 23 bolts, a scroll of teleportation {!r}, a +0 robe, a +0 hand crossbow
     0 | D:1      | Reached XP level 1. HP: 16/16 MP: 1/1
    64 | D:1      | Reached skill level 1 in Short Blades
    65 | D:1      | Reached skill level 1 in Crossbows
    65 | D:1      | HP: 8/16 [jackal (2)]
    67 | D:1      | Reached XP level 2. HP: 10/20 MP: 2/2
   568 | D:1      | HP: 10/20 [hobgoblin (3)]
   569 | D:1      | Reached XP level 3. HP: 12/24 MP: 3/3
   993 | D:2      | HP: 11/24 [worm (6)]
  1255 | D:2      | HP: 8/24 [worm (5)]
  1847 | D:3      | Reached XP level 4. HP: 30/30 MP: 4/4
  2256 | D:3      | Noticed Purgy
  2262 | D:3      | Killed Purgy
  2262 | D:3      | Reached XP level 5. HP: 32/34 MP: 5/5
  2878 | D:3      | Found a burning altar of Makhleb.
  2894 | D:3      | HP: 16/34 [hound (5)]
  2895 | D:3      | Reached XP level 6. HP: 19/39 MP: 6/6
  3258 | D:4      | Found a glowing drain.
  3270 | Sewer    | Entered a sewer
  3339 | Sewer    | HP: 10/39 [crocodile (15)]
  3340 | Sewer    | Slain by a crocodile

Skill      XL: |  1  2  3  4  5 |
---------------+----------------+-----
Short Blades   | 1 2 4 |  4.5
Crossbows      | 1 2 3 4 |  4.3
Stealth        | 2 3 |  3.3
Fighting       | |  4.5
Armour         | |  1.5
Unarmed Combat | |  2.0
Evocations     | |  1.2

Action                   |  1- 3 |  4- 6 || total
-------------------------+-------+-------++-------
Melee: Dagger            |    57 |    75 ||   132
       Punch             |     2 |     2 ||     4
       Short sword       |       |    86 ||    86
 Fire: Hand crossbow     |    25 |    32 ||    57
 Stab: Sleeping          |     1 |     4 ||     5
  Eat: Chunk             |    11 |     5 ||    16
Armor: Robe              |    14 |       ||    14
       Ring mail         |    10 |    79 ||    89
Dodge: Dodged            |    60 |    98 ||   158

Vault maps used:
D:1:      minmay_arrival_cross
D:3:      makhleb_heckhound_becter, uniq_purgy
D:4:      kennysheep_mini_moat, lightli_temple_of_fire,
          nicolae_overflow_crystal_walls, lightli_sewer_entry_pipes,
          serial_park_tiny_pond, minmay_misc_feat_tower
Sewer:    kennysheep_door_sewer
